Map: 2000 Atmospheres LE

Players

Scarlett - Winner!

  • Race: Zerg Zerg

Probe

  • Race: Protoss Protoss

Event: DreamHack SC2 Masters 2021 Fall

VOD

Have the link to the VOD?

Description

Time

  • Played on: Sept. 9, 2021, 11:56 a.m.
  • Length: 17:20

All games in this series

Show
View Real Time Build Order
Export as new Build Order

Scarlett Zerg - Winner!

Build Orders: Hatch First, Brood Lord Corruptor 

Get SALT Encoding   

  12  0:00  Drone  
  13  0:12  Overlord  
  13  0:16  Drone  
  14  0:30  Drone x2  
  16  0:44  Drone  
  17  0:50  Hatchery  
  17  0:54  Drone  
  17  0:57  Drone  
  18  1:07  Extractor  
  17  1:12  Spawning Pool  
  17  1:16  Drone  
  17  1:19  Drone  
  18  1:28  Drone  
  19  1:38  Drone  
  20  1:49  Overlord  
  20  1:59  Queen  
  22  2:02  Queen, Zergling x2  
  22  2:03  Drone  
  26  2:12  Metabolic Boost, Drone  
  27  2:17  Drone  
  27  2:22  Drone  
  29  2:24  Drone  
  30  2:34  Hatchery  
  29  2:39  Drone  
  29  2:42  Queen  
  32  2:46  Overlord  
  32  2:50  Zergling x2  
  32  2:51  Drone  
  34  2:55  Drone  
  35  2:59  Drone  
  35  3:05  Overlord  
  36  3:08  Drone  
  36  3:10  Drone x3  
  40  3:13  Queen  
  40  3:16  Drone  
  40  3:17  Drone  
  44  3:23  Overlord  
  44  3:25  Overlord  
  44  3:34  Overlord  
  44  3:36  Zergling x4  
  44  3:39  Queen  
  48  3:45  Drone x4  
  48  3:47  Queen  
  55  3:55  Drone x4  
  55  4:02  Queen  
  60  4:04  Drone x3  
  60  4:08  Spore Crawler  
  62  4:17  Drone x7  
  62  4:22  Drone x4  
  72  4:26  Overlord x2  
  72  4:33  Lair  
  72  4:38  Extractor  
  71  4:39  Extractor  
  71  4:40  Drone x4  
  71  4:44  Extractor, Roach Warren  
  71  4:48  Drone x2  
  71  4:52  Zergling x14  
  80  4:56  Queen  
  81  5:00  Overlord  
  81  5:01  Drone x4  
  85  5:07  Queen, Extractor  
  85  5:08  Overlord  
  85  5:09  Overlord  
  85  5:11  Extractor  
  86  5:14  Drone  
  86  5:19  Drone x4  
  90  5:21  Drone  
  90  5:26  Evolution Chamber  
  90  5:29  Hatchery  
  90  5:30  Drone x3  
  90  5:35  Queen  
  92  5:39  Infestation Pit  
  92  5:41  Drone x4  
  96  5:44  Overseer  
  96  5:47  Drone x4  
  99  5:55  Queen x2  
  99  5:57  Zerg Missile Weapons Level 1  
  103  5:59  Glial Reconstitution  
  103  6:05  Overlord  
  103  6:06  Overlord  
  102  6:12  Overlord x2  
  102  6:16  Drone x8  
  110  6:21  Spore Crawler  
  110  6:23  Spore Crawler  
  107  6:28  Hive  
  107  6:31  Overlord, Spire  
  105  6:35  Drone  
  105  6:36  Drone x4  
  110  6:43  Drone x7  
  110  6:46  Zergling x6  
  117  6:52  Extractor  
  117  6:53  Extractor  
  117  6:54  Queen  
  115  6:59  Hatchery  
  116  7:08  Drone, Evolution Chamber  
  115  7:09  Drone x2  
  115  7:13  Evolution Chamber  
  117  7:19  Queen, Drone x6  
  117  7:20  Spore Crawler  
  117  7:22  Spine Crawler  
  123  7:28  Pathogen Glands  
  123  7:41  Overlord x5  
  123  7:44  Viper x3, Greater Spire  
  122  7:48  Zerg Melee Weapons Level 1, Zerg Ground Armor Level 1, Adrenal Glands  
  128  7:52  Infestor x4  
  128  7:53  Infestor  
  138  7:59  Drone x13  
  138  8:01  Overseer  
  138  8:04  Zerg Missile Weapons Level 2  
  151  8:07  Zergling x2  
  152  8:14  Spine Crawler  
  152  8:19  Spine Crawler  
  150  8:22  Spore Crawler  
  150  8:23  Extractor  
  150  8:24  Corruptor x4  
  150  8:25  Extractor  
  155  8:28  Drone  
  155  8:29  Zergling x14  
  155  8:30  Zergling x6  
  155  8:31  Baneling Nest  
  165  8:39  Overlord  
  165  8:44  Drone x5  
  170  8:48  Spore Crawler, Drone x2  
  170  8:49  Spore Crawler, Drone x3  
  170  8:50  Spore Crawler, Drone x5  
  170  8:51  Spore Crawler x2, Drone  
  176  8:58  Zerg Flyer Armor Level 1  
  176  9:08  Drone x4, Spire  
  176  9:09  Overseer, Drone x2, Pneumatized Carapace  
  181  9:13  Spore Crawler  
  181  9:14  Spore Crawler, Spine Crawler  
  181  9:15  Spore Crawler  
  181  9:16  Spore Crawler  
  176  9:17  Extractor  
  176  9:18  Drone  
  176  9:24  Spore Crawler x3  
  174  9:25  Spore Crawler  
  174  9:27  Spore Crawler  
  174  9:29  Centrifical Hooks  
  170  9:34  Overseer x3  
  169  9:43  Spore Crawler, Drone x7  
  175  9:45  Corruptor x3  
  175  9:46  Corruptor x6  
  175  9:48  Zergling x4  
  195  9:54  Drone x3  
  195  9:56  Overlord  
  195  9:58  Zerg Ground Armor Level 2  
  198  10:00  Zerg Melee Weapons Level 2  
  198  10:04  Spore Crawler  
  198  10:05  Spore Crawler x2  
  195  10:07  Neural Parasite  
  195  10:08  Burrow  
  195  10:10  Spine Crawler  
  195  10:13  Spine Crawler  
  193  10:14  Spine Crawler  
  193  10:15  Spore Crawler x2  
  193  10:19  Spore Crawler  
  189  10:24  Spore Crawler x2  
  186  10:32  Zergling x24  
  186  10:35  Spore Crawler  
  197  10:36  Spore Crawler  
  195  10:45  Zerg Missile Weapons Level 3  
  195  10:47  Zerg Flyer Weapons Level 1  
  195  11:03  Baneling x7  
  194  11:04  Baneling x6  
  194  11:05  Zergling x10  
  199  11:43  Zerg Flyer Armor Level 2  
  199  11:44  Spore Crawler  
  199  11:45  Spore Crawler  
  199  11:46  Spore Crawler x2  
  195  11:47  Spore Crawler  
  195  11:50  Drone  
  195  11:51  Drone x5, Hatchery  
  185  12:01  Zergling x2  
  185  12:02  Zergling x12  
  192  12:10  Spore Crawler  
  192  12:12  Brood Lord x3  
  197  12:15  Overlord  
  197  12:16  Overlord x2  
  197  12:23  Spore Crawler  
  197  12:24  Spore Crawler  
  195  12:35  Overlord  
  195  12:36  Overlord  
  195  12:40  Spore Crawler  
  195  12:41  Spore Crawler  
  195  12:42  Zerg Flyer Weapons Level 2  
  193  12:45  Zerg Ground Armor Level 3, Zerg Melee Weapons Level 3  
  193  12:52  Spore Crawler x2  
  193  12:53  Spore Crawler x2  
  193  12:55  Spore Crawler  
  193  12:56  Hatchery, Unknown  
  186  13:04  Corruptor x7  
  200  13:07  Baneling x12  
  200  13:23  Spore Crawler  
  200  13:24  Spore Crawler x2  
  200  13:25  Spore Crawler x2  
  200  13:26  Brood Lord  
  197  13:27  Spore Crawler  
  186  13:49  Brood Lord x7  
  186  13:53  Spore Crawler  
  199  14:01  Spore Crawler x2  
  197  14:03  Spore Crawler  
  197  14:04  Spore Crawler  
  197  14:06  Zerg Flyer Armor Level 3  
  197  14:09  Infestor x2  
  199  14:44  Drone  
  200  15:17  Baneling x14  
  199  15:33  Hatchery  
  199  15:35  Extractor  
  195  15:37  Extractor  
  177  15:50  Zergling x24  
  177  15:53  Zergling x18  
  189  16:12  Corruptor x5  
  189  16:18  Baneling x9, Overseer x2  
  195  16:45  Zergling x8  
  195  16:46  Baneling x4  
Show
View Real Time Build Order
Export as new Build Order

Probe Protoss 

Build Orders: 1 Gate Expand, Oracle Opening, Carriers 

Get SALT Encoding   

  12  0:03  Probe  
  13  0:15  Probe  
  14  0:22  Pylon  
  14  0:27  Probe  
  15  0:40  Probe (Chrono Boost)  
  16  0:46  Gateway  
  17  0:50  Assimilator, Probe (Chrono Boost)  
  17  0:55  Probe (Chrono Boost)  
  18  1:07  Probe  
  19  1:19  Probe  
  20  1:28  Nexus  
  20  1:40  Cybernetics Core  
  20  1:41  Probe  
  21  1:47  Assimilator  
  21  1:53  Probe  
  22  2:01  Pylon  
  22  2:05  Probe  
  23  2:16  Probe  
  23  2:17  Adept (Chrono Boost)  
  26  2:24  Probe  
  26  2:28  Stargate  
  27  2:37  Probe (Chrono Boost)  
  27  2:38  Warp Gate  
  27  2:40  Adept  
  27  2:42  Probe (Chrono Boost)  
  32  2:51  Probe x2 (Chrono Boost)  
  32  2:56  Probe (Chrono Boost)  
  33  2:59  Probe  
  33  3:03  Void Ray (Chrono Boost)  
  34  3:08  Probe  
  34  3:11  Probe  
  40  3:17  Pylon  
  40  3:20  Probe  
  40  3:21  Gateway  
  40  3:23  Probe  
  42  3:32  Probe  
  43  3:35  Probe  
  43  3:39  Oracle  
  47  3:44  Probe  
  47  3:47  Probe  
  49  3:55  Nexus  
  49  3:56  Probe  
  49  3:58  Pylon  
  49  3:59  Probe  
  51  4:03  Assimilator  
  51  4:06  Assimilator  
  51  4:09  Probe  
  52  4:11  Probe  
  53  4:21  Probe  
  53  4:22  Stargate  
  53  4:23  Probe  
  55  4:26  Pylon  
  55  4:33  Protoss Air Weapons Level 1, Probe  
  55  4:35  Probe  
  55  4:38  Void Ray (Chrono Boost)  
  57  4:40  Shield Battery  
  57  4:45  Probe  
  62  4:47  Probe  
  62  4:49  Forge  
  63  4:57  Pylon, Probe  
  65  5:00  Probe  
  65  5:04  Void Ray (Chrono Boost)  
  64  5:09  Probe (Chrono Boost)  
  64  5:10  Probe (Chrono Boost)  
  64  5:12  Probe (Chrono Boost)  
  71  5:17  Void Ray (Chrono Boost)  
  77  5:21  Probe (Chrono Boost)  
  77  5:22  Probe (Chrono Boost)  
  77  5:24  Probe (Chrono Boost)  
  77  5:28  Photon Cannon  
  78  5:29  Probe x3 (Chrono Boost)  
  78  5:30  Shield Battery  
  78  5:33  Pylon  
  81  5:35  Probe  
  81  5:36  Void Ray, Probe  
  81  5:38  Probe  
  85  5:45  Void Ray  
  85  5:47  Probe  
  85  5:48  Probe  
  87  5:50  Probe  
  87  5:53  Robotics Facility  
  87  5:55  Assimilator  
  92  6:00  Probe x2  
  92  6:01  Assimilator  
  94  6:11  Probe  
  95  6:13  Void Ray  
  95  6:16  Probe x2  
  101  6:28  Nexus  
  101  6:29  Pylon x2  
  101  6:30  Pylon  
  101  6:41  Void Ray, Probe  
  101  6:47  Observer, Probe x2  
  108  6:49  Robotics Bay  
  108  6:53  Probe  
  109  6:58  Gateway  
  109  6:59  Gateway, Probe x2  
  109  7:00  Void Ray  
  111  7:05  Gateway, Probe  
  111  7:08  Observer, Gateway  
  117  7:12  Gateway  
  117  7:17  Probe x2  
  117  7:20  Pylon  
  119  7:24  Shield Battery x2  
  119  7:30  Stargate  
  119  7:33  Photon Cannon  
  119  7:34  Photon Cannon  
  119  7:35  Fleet Beacon  
  119  7:36  Disruptor (Chrono Boost), Photon Cannon, Probe  
  120  7:37  Shield Battery  
  120  7:39  Shield Battery  
  120  7:40  Probe  
  124  7:45  Void Ray, Probe  
  124  7:46  Assimilator  
  124  7:48  Probe  
  124  7:49  Probe  
  124  7:50  Assimilator  
  131  7:53  Probe  
  132  7:59  Void Ray, Probe  
  132  8:01  Probe  
  132  8:03  Twilight Council  
  132  8:04  Disruptor (Chrono Boost)  
  132  8:05  Pylon  
  138  8:07  Pylon  
  138  8:12  Probe  
  142  8:17  Pylon, Probe x2  
  144  8:20  Photon Cannon  
  144  8:21  Gateway  
  144  8:24  Photon Cannon  
  144  8:27  Zealot  
  146  8:30  Flux Vanes  
  146  8:33  Protoss Air Weapons Level 2 (Chrono Boost)  
  146  8:34  Probe x3  
  148  8:39  Gateway  
  149  8:42  Gateway  
  149  8:43  Pylon  
  149  8:44  Pylon  
  159  9:00  Carrier x2  
  159  9:01  Carrier  
  167  9:05  Zealot x2  
  171  9:16  Probe x2  
  173  9:18  Pylon  
  173  9:20  Pylon  
  173  9:24  Templar Archives  
  171  9:25  Pylon  
  171  9:26  Pylon  
  171  9:28  Protoss Ground Weapons Level 1  
  171  9:29  Charge  
  169  9:39  Gravitic Boosters  
  167  9:54  Carrier, Immortal  
  167  9:55  Carrier  
  167  9:56  Carrier  
  171  10:03  Shield Battery x2  
  189  10:07  Photon Cannon  
  189  10:09  Photon Cannon, Zealot  
  189  10:10  Shield Battery  
  189  10:11  Shield Battery  
  189  10:13  Zealot  
  193  10:14  Shield Battery  
  193  10:15  Psionic Storm  
  193  10:17  High Templar x3  
  195  10:33  Immortal  
  199  10:36  Gravitic Drive  
  199  10:41  High Templar  
  197  11:04  Nexus  
  197  11:05  Pylon  
  197  11:09  Pylon  
  197  11:16  Void Ray x3  
  197  11:32  Zealot  
  199  11:34  Nexus  
  199  11:37  Photon Cannon  
  199  11:38  Photon Cannon  
  199  11:39  Photon Cannon  
  199  11:41  Photon Cannon  
  199  11:43  Photon Cannon  
  199  11:45  Shield Battery  
  199  11:48  Shield Battery  
  199  11:49  Shield Battery  
  199  11:51  Shield Battery  
  199  11:53  Shield Battery  
  199  12:09  Observer  
  199  12:13  Stargate  
  200  12:17  Assimilator, Stargate  
  200  12:20  Stargate  
  200  12:21  Assimilator, Stargate  
  198  12:30  Cybernetics Core  
  198  12:41  Protoss Air Weapons Level 3 (Chrono Boost), Observer  
  195  12:58  High Templar x4  
  199  13:10  Photon Cannon  
  199  13:11  Photon Cannon  
  199  13:12  Photon Cannon  
  199  13:13  Shield Battery, Archon  
  199  13:14  Photon Cannon  
  199  13:15  Shield Battery  
  199  13:16  Pylon, Photon Cannon  
  199  13:18  Pylon  
  199  13:21  Protoss Ground Weapons Level 2 (Chrono Boost)  
  199  13:23  Dark Shrine  
  199  13:25  Gateway  
  199  13:28  Gateway  
  194  13:50  Shield Battery  
  194  13:52  Shield Battery x2  
  194  13:54  Shield Battery, Photon Cannon x2  
  194  13:57  Photon Cannon  
  194  14:03  Observer  
  194  14:07  High Templar  
  194  14:08  High Templar  
  194  14:42  Shield Battery  
  194  14:46  Shield Battery, Oracle  
  194  14:47  Shield Battery x2  
  194  14:48  Shield Battery  
  194  14:49  Shield Battery x2  
  197  14:57  High Templar x3  
  188  15:01  Tempest x2  
  198  15:18  Zealot  
  195  15:35  Nexus  
  192  15:37  Pylon  
  192  15:40  Carrier x2 (Chrono Boost)  
  182  15:45  Carrier x2 (Chrono Boost)  
  190  15:50  Carrier x2 (Chrono Boost)  
  190  15:51  Carrier (Chrono Boost)  
  190  15:55  Zealot x4  
  190  15:56  Zealot  
  200  15:59  Photon Cannon  
  200  16:01  Photon Cannon  
  200  16:02  Photon Cannon  
  180  16:05  Photon Cannon  
  180  16:07  Photon Cannon  
  180  16:08  Photon Cannon  
  174  16:12  Assimilator  
  174  16:13  Assimilator  
  174  16:16  Probe  
  174  16:17  Probe x3  
  155  16:29  Probe x4  
  155  16:31  Void Ray x2  
  156  16:33  Zealot x10  
  172  16:41  Probe  
  175  17:01  High Templar x3  

Tags
 
Add a new tag
Caveats
  • Supply blocks, unpowered buildings, or Contaminate may cause inaccurate times.
  • Supply counts are checked every 10 seconds.